 Dungeon Crawl Stone Soup version 0.23.0-2-g0fe3ce5 (webtiles) character file.

Game seed: 3044672920278038859

269784 Gorice the Severer (level 19, -1/157 HPs)
             Began as a Demonspawn Monk on Feb 17, 2019.
             Was the Champion of Kikubaaqudgha.
             Slain by an orc knight
             ... wielding a +2 halberd
              (7 damage)
             ... on level 2 of the Vaults on Feb 19, 2019.
             The game lasted 03:54:57 (55545 turns).

Gorice the Severer (Demonspawn Monk)               Turns: 55545, Time: 03:55:01

Health: -1/157     AC: 32    Str: 24    XL:     19   Next: 41%
Magic:  0/35       EV: 17    Int: 12    God:    Kikubaaqudgha [******]
Gold:   1611       SH:  0    Dex: 20    Spells: 18/18 levels left

rFire    + . .     SeeInvis .   a - +0 battleaxe (freeze)
rCold    . . .     Gourm    .   (shield currently unavailable)
rNeg     . . .     Faith    .   J - +2 plate armour {rF+}
rPois    +         Spirit   +   F - +0 helmet
rElec    .         Reflect  .   g - +2 cloak {+Inv}
rCorr    .         Harm     .   m - +0 pair of gloves
MR       +....                  t - +4 pair of boots of the Peculiar Demons {rPois MP+9}
Stlth    ..........             y - amulet of guardian spirit
HPRegen  0.36/turn              U - +3 ring of slaying
MPRegen  0.24/turn              E - +2 ring of evasion

@: mighty, very slightly contaminated, slowed, very slow
A: talons 2, thin skeletal structure 2, demonic guardian 2, powered by pain 2
}: 2/15 runes: decaying, serpentine
a: Receive Corpses, Torment, Brand Weapon With Pain, Receive Necronomicon,
Renounce Religion, Evoke Invisibility


You were on level 2 of the Vaults.
You worshipped Kikubaaqudgha.
Kikubaaqudgha was exalted by your worship.
You were not hungry.

You visited 7 branches of the dungeon, and saw 34 of its levels.
You visited the Abyss 1 time.
You also visited: Ossuary and Ice Cave.

You collected 2881 gold pieces.
You spent 1270 gold pieces at shops.

Inventory:

Hand Weapons
 a - a +0 battleaxe of freezing (weapon)
   (You took it off a frost giant on level 1 of the Vaults)
 b - the +8 whip "Snakebite" {curare, rPois}
   (You found it on level 5 of the Lair of Beasts)

   It poisons the flesh of those it strikes.
   It protects you from poison.
 A - the +6 war axe "Waik" {antimagic, +Blink +Rage Str+5}
   (You found it on level 1 of the Swamp)

   It reduces the magical energy of the wielder, and disrupts the spells and
   magical abilities of those hit.
   Natural abilities and divine invocations are not affected.
   It affects your strength (+5).
   It lets you blink.
   It lets you go berserk.
 G - a +0 battleaxe of electrocution
   (You took it off an orc warrior on level 2 of the Orcish Mines)
Missiles
 v - 25 javelins (quivered)
Armour
 e - a scarf of resistance
   (You found it on level 1 of the Dungeon)
 g - a +2 cloak of invisibility (worn)
   (You bought it in a shop on level 2 of the Orcish Mines)
 m - a +0 pair of gloves (worn)
 t - the +4 pair of boots of the Peculiar Demons (worn) {rPois MP+9}
   (You bought it in a shop on level 7 of the Dungeon)

   It protects you from poison.
   It affects your magic capacity (+9).
 F - a +0 helmet (worn)
 J - a +2 plate armour of fire resistance (worn)
   (You took it off an orc warlord on level 9 of the Dungeon)
Jewellery
 f - the ring of Knowledge {rPois rF+ Int+4 Dex+3}
   (You found it on level 1 of the Lair of Beasts)

   [ring of protection from fire]

   It affects your intelligence (+4).
   It affects your dexterity (+3).
   It protects you from fire.
   It protects you from poison.
 i - an uncursed ring of see invisible
 y - an amulet of guardian spirit (around neck)
 C - an uncursed ring of resist corrosion
 E - a +2 ring of evasion (right hand)
 P - an uncursed ring of protection from fire
 U - a +3 ring of slaying (left hand)
Wands
 r - a wand of polymorph (20)
 w - a wand of iceblast (18)
 B - a wand of flame (12)
 H - a wand of acid (3)
 K - a wand of digging (7)
 Q - a wand of enslavement (3)
 R - a wand of paralysis (21)
Scrolls
 d - 6 scrolls of identify
 j - 12 scrolls of teleportation {!r}
 k - 4 scrolls of fog
 l - 4 scrolls of fear {!r}
 n - 16 scrolls of remove curse
 p - 2 scrolls of blinking
 N - 2 scrolls of magic mapping {!r}
Potions
 h - a potion of berserk rage
 o - 5 potions of flight
 q - a potion of resistance {!q}
 s - 2 potions of agility {!q}
 u - 4 potions of ambrosia
 x - 6 potions of haste {!q}
 z - 5 potions of curing
 M - a potion of cancellation {!q}
 O - 6 potions of might {!q}
 T - 2 potions of invisibility {!q}
Miscellaneous
 L - a lightning rod (4/4) {!a}
Comestibles
 c - 54 rations


   Skills:
 - Level 16.0 Fighting
 * Level 19.6 Axes
 - Level 16.0 Armour
 + Level 10.9 Dodging
 - Level 1.7 Stealth
 - Level 10.0 Evocations


You had 18 spell levels left.
You didn't know any spells.
Your spell library contained the following spells:

 Spells                   Type           Power        Failure   Level  Hunger
 Apportation              Tloc           #.....       94%         1    ##.....
 Beastly Appendage        Tmut           #.....       94%         1    ##.....
 Corona                   Hex            #......      94%         1    ##.....
 Flame Tongue             Conj/Fire      #....        94%         1    ##.....
 Pain                     Necr           #...         94%         1    ##.....
 Sandblast                Erth           #.....       94%         1    ##.....
 Shock                    Conj/Air       #...         94%         1    ##.....
 Sting                    Conj/Pois      #...         94%         1    ##.....
 Summon Butterflies       Summ           #.......     94%         1    ##.....
 Corpse Rot               Necr           N/A          98%         2    ###....
 Ensorcelled Hibernation  Hex/Ice        #.....       98%         2    ###....
 Sublimation of Blood     Necr           #.........   98%         2    ###....
 Confuse                  Hex            #.......     100%        3    ####...
 Dazzling Spray           Conj/Hex       #.....       100%        3    ####...
 Lesser Beckoning         Tloc           #.........   100%        3    ####...
 Regeneration             Chrm/Necr      #.........   100%        3    ####...
 Tukima's Dance           Hex            #.......     100%        3    ####...
 Summon Lightning Spire   Summ/Air       #.......     100%        4    #####..
 Alistair's Intoxication  Tmut/Pois      #.......     100%        5    ######.
 Bolt of Draining         Conj/Necr      #.........   100%        5    ######.
 Borgnjor's Vile Clutch   Necr/Erth      #.........   100%        5    ######.
 Dispel Undead            Necr           #.......     100%        5    ######.
 Silence                  Hex/Air        #.........   100%        5    ######.
 Conjure Ball Lightning   Conj/Air       #.........   100%        6    #######
 Death Channel            Necr           #.........   100%        6    #######
 Deflect Missiles         Chrm/Air       #.........   100%        6    #######
 Invisibility             Hex            #.......     100%        6    #######
 Simulacrum               Ice/Necr       #.........   100%        6    #######
 Tornado                  Air            #.........   100%        9    #######


Dungeon Overview and Level Annotations

Branches:
Dungeon (15/15)            Temple (1/1) D:5            Lair (6/6) D:11
  Swamp (4/4) Lair:3        Snake (4/4) Lair:4        Slime (0/5) Lair:5
    Orc (2/2) D:9             Elf (0/3) Orc:2        Vaults (2/5) D:13
 Depths (0/5) D:15
  Crypt: Vaults:2-3

Altars:
Ashenzari
Cheibriados
Dithmenos
Elyvilon
Fedhas
Gozag
Hepliaklqana
Kikubaaqudgha
Makhleb
Nemelex Xobeh
Okawaru
Qazlal
Ru
Sif Muna
Trog
Uskayaw
Vehumet
Wu Jian
Xom
Yredelemnul
Zin
The Shining One
Beogh
Lugonu

Shops:
D:7 [   D:9 ?   D:12 :   D:13 [   D:15 !   Orc:2 (*[:   Snake:3 !

Annotations:
D:2 exclusion: downstairs, Sigmund
Lair:6 1 runed translucent door, Razfen's ghost, journeyman GnWn


Innate Abilities, Weirdness & Mutations

You have razor-sharp toenails.
You have a moderately thin skeletal structure. (Dex +4, Stealth+)
A demonic guardian rushes to your aid.
You sometimes gain power by taking damage.


Message History

Something unseen opens the door.
The vault warden closely misses you.
Damage: 7 (max 45)
You slice the tentacled monstrosity!! You freeze the tentacled monstrosity.
You kill the tentacled monstrosity!
Kikubaaqudgha accepts your kill.
You hit the red ugly thing. You freeze the red ugly thing.
You slice the crystal guardian!!
You destroy the crystal guardian!
Kikubaaqudgha accepts your kill.
The red ugly thing completely misses you.
The deep elf archer blinks!
The stone giant throws a large rock.
The large rock hits you!!
* * * LOW HITPOINT WARNING * * *
You focus on the pain.
You feel mightier all of a sudden.
Your sixfirhy barely misses the cyclops.
An orc knight comes into view. It is wielding a +2 halberd.
The cyclops throws a large rock.
The large rock hits you but does no damage.
Damage: 21 (max 45)
Your sixfirhy hits the cyclops but does no damage.
Your sixfirhy hits the cyclops!
Your sixfirhy shocks the cyclops!
Your sixfirhy hits the cyclops!
Your sixfirhy shocks the cyclops!
Your sixfirhy hits the cyclops.
Your sixfirhy shocks the cyclops!
The cyclops dies!
Kikubaaqudgha accepts your kill. The red ugly thing misses you.
The vault warden hits you but does no damage.
Your sixfirhy hits the vault warden but does no damage.
The deep elf archer unwields a +1 shortbow of flaming.
It stops flaming.
The deep elf archer wields a +0 dagger.
The deep elf archer closely misses your sixfirhy.
The stone giant closely misses you.
The red ugly thing tentacle-slaps you but does no damage.
Your sixfirhy hits the vault warden but does no damage.
The vault warden hits you but does no damage.
The stone giant hits you but does no damage.
Items here: ( ) †† a +0 arbalest; 24 bolts; a yaktaur corpse; an ugly thing corpse Unknown command.
Unknown command.
Blink to where?
Press: ? - help, Dir - move target cursor You are very lightly contaminated with residual magic.
As you read the scroll of blinking, it crumbles to dust.
An orc comes into view. It is wielding a +0 club.
The orc shouts!
The orc knight hits you from afar with a +2 halberd!
You die...
Kikubaaqudgha rasps: "You have failed me!
Welcome... death!"

#()p...# #§ue...#
#C<3...#
#C.....######u#
#......#......#
#......+......#
#.o....#......#
#####'####......#
+.....@..#)..(..#
#........#......#
#........#......#
#........#......#
.'........#......#
o#........'
#........#.
#........#..


You could see a stone giant, an orc knight, a red ugly thing, a deep elf archer,
a cyclops, an orc and a friendly sixfirhy.

Vanquished Creatures
  Rupert (Lair:4)
  A lich (Abyss:4)
  2 tentacled monstrosities
  A tentacled starspawn (Abyss:4)
  A sphinx (Vaults:2)
  Kirke (Snake:3)
  2 thorn hunters
  A tengu reaver (D:12)
  8 nagarajas
  A frost giant (Vaults:1)
  An iron dragon (D:12)
  A vault warden (Vaults:1)
  3 orc warlords
  Louise (D:14)
  A cacodemon (Abyss:4)
  A stone giant (Vaults:1)
  5 ironheart preservers (Vaults:1)
  The ghost of Monsterracer the Slicer, a journeyman KoAr of Uskayaw (Lair:4)
  A crystal guardian (Vaults:2)
  A great orb of eyes (D:12)
  5 vault guards (D:13)
  2 yaktaur captains
  3 ghost crabs (Swamp:4)
  A rakshasa (Vaults:1)
  A shambling mangrove (Swamp:4)
  22 hydras
  5 centaur warriors
  22 naga warriors
  2 catoblepae (Lair:6)
  2 death knights
  5 anacondas
  16 alligators
  7 ogre magi
  9 two-headed ogres
  3 death yaks (Lair:6)
  Urug (D:12)
  4 thrashing horrors
  3 shock serpents
  An orc high priest (Orc:2)
  16 naga sharpshooters
  2 deep elf knights
  Sonja (Lair:4)
  2 wretched stars
  3 skeletal warriors (D:12)
  2 sea snakes
  A glowing orange brain (Vaults:1)
  A flayed ghost (Abyss:3)
  2 unseen horrors
  A wizard (Vaults:1)
  A deep elf archer (Vaults:1)
  7 swamp dragons
  2 lindwurms (Lair:6)
  5 naga ritualists
  5 orc knights
  2 ironbrand convokers (Vaults:1)
  5 mana vipers
  A necromancer (Vaults:1)
  3 deep elf magi
  4 harpies (Vaults:2)
  A wolf spider zombie (D:15)
  A phantasmal warrior (Vaults:1)
  16 ugly things
  An orb spider (shapeshifter) (D:15)
  2 oklob plants (Lair:1)
  A wolf spider (Vaults:1)
  5 orc sorcerers
  4 cyclopes
  5 salamanders
  2 manticores
  7 large abominations
  14 elephants
  2 guardian serpents (Snake:2)
  2 ice statues (IceCv)
  2 smoke demons (Abyss:3)
  23 black mambas
  3 vault sentinels
  21 naga magi
  An orange demon (Abyss:4)
  20 spiny frogs
  4 gargoyles
  2 torpor snails (Lair:6)
  A spiny frog (shapeshifter) (Abyss:3)
  7 komodo dragons
  3 kobold demonologists (D:13)
  4 freezing wraiths
  12 rime drakes
  12 yaktaurs
  2 efreet (D:13)
  2 ancient zymes
  2 human skeletons (Vaults:1)
  2 polar bears (D:12)
  9 trolls
  A meliai (shapeshifter) (Vaults:1)
  8 tyrant leeches
  8 hornets
  Prince Ribbit (D:6)
  39 slime creatures
  14 bog bodies
  5 dream sheep (Lair:6)
  15 hippogriffs
  7 blink frogs
  3 shadows (D:12)
  6 spriggans
  A vampire (D:11)
  7 wyverns
  36 yaks
  4 hungry ghosts
  A steam dragon (D:13)
  3 wraiths
  2 water elementals
  Grum (D:8)
  5 basilisks
  2 neqoxecs
  3 hogs (Snake:3)
  9 vampire mosquitoes
  A yaktaur simulacrum (Vaults:1)
  Menkaure (D:6)
  24 swamp worms
  9 wargs
  11 insubstantial wisps
  20 water moccasins
  A hell hound (D:14)
  61 nagas
  5 porcupines
  12 swamp drakes
  17 ice beasts
  2 sky beasts
  2 hornet zombies
  33 orc warriors
  3 eyes of draining
  2 phantoms (D:12)
  3 black bears
  2 necrophages
  7 boggarts (Vaults:1)
  29 ogres
  13 centaurs
  11 crocodiles
  14 wolves
  2 big kobolds
  14 bullfrogs
  3 small abominations (Abyss:3)
  A water moccasin zombie (Ossuary)
  A water moccasin skeleton (D:8)
  A wyvern zombie (Ossuary)
  A hornet simulacrum (D:12)
  2 scorpions
  A wyvern skeleton (D:13)
  19 killer bees
  12 electric eels
  A howler monkey (D:8)
  6 crimson imps
  A human simulacrum (Vaults:1)
  5 bullfrog zombies
  8 hounds
  A quasit (D:10)
  A wyvern simulacrum (D:12)
  5 centaur zombies
  3 jellies
  27 orc priests
  Crazy Yiuf (D:4)
  3 bullfrog skeletons
  25 orc wizards
  4 centaur skeletons
  9 mummies (Ossuary)
  4 iguanas
  9 worker ants
  2 killer bee zombies (D:5)
  2 bullfrog simulacra (D:12)
  4 hound zombies
  3 hound skeletons
  3 worker ant zombies
  7 gnolls
  15 adders
  2 shadow imps
  3 white imps (D:12)
  2 ufetubi
  4 adder zombies
  6 worms
  2 dart slugs
  2 leopard geckos
  73 orcs
  A ball python (D:2)
  6 giant cockroaches
  6 goblins
  5 hobgoblins
  16 jackals
  6 quokkas
  A ball python zombie (Ossuary)
  8 bats
  3 frilled lizards
  15 kobolds
  3 leopard gecko skeletons
  2 leopard gecko zombies
  3 quokka zombies
  11 rats
  6 briar patches (Swamp:4)
  A butterfly (Lair:4)
  A plant (Lair:1)
1268 creatures vanquished.

Vanquished Creatures (collateral kills)
  A thorn hunter (Swamp:4)
  3 nagarajas
  A very ugly thing (Swamp:3)
  2 hydras (Swamp:4)
  2 naga warriors
  A two-headed ogre (Vaults:1)
  A salamander mystic (Snake:1)
  An orc knight (Orc:2)
  A necromancer (Vaults:1)
  A harpy (Vaults:2)
  An orc sorcerer (Orc:2)
  A salamander (Snake:1)
  A cyclops (Vaults:2)
  A sphinx skeleton (Vaults:1)
  6 ugly things
  An apocalypse crab (Abyss:4)
  2 elephants
  3 black mambas
  2 guardian serpents (Snake:1)
  2 naga magi (Snake:1)
  A komodo dragon (Lair:4)
  2 yaktaurs (Vaults:1)
  2 hornets (Swamp:2)
  A tyrant leech (Swamp:3)
  2 hippogriffs
  A dream sheep (Lair:6)
  A yak (Lair:2)
  3 spriggans
  A hog (Snake:3)
  A steam dragon (D:8)
  A naga (Snake:2)
  A black bear (D:9)
  2 ogres (Vaults:1)
  A wolf (Lair:1)
  A centaur (D:6)
  A bullfrog (D:8)
  A crimson imp (D:12)
  3 centaur zombies
  A hound (D:5)
  An orc priest (Orc:2)
  2 orc wizards (D:5)
  A hell rat (Lair:6)
  A hound zombie (Ossuary)
  A hound skeleton (D:5)
  4 mummies (Ossuary)
  An adder zombie (D:9)
  An adder skeleton (D:5)
  3 orcs
  2 quokka zombies (Ossuary)
  A briar patch (Swamp:4)
79 creatures vanquished.

Vanquished Creatures (others)
  A thorn hunter (Swamp:4)
  A tyrant leech (Swamp:1)
  3 small abominations
  A swamp drake (Swamp:1)
  An orc (D:13)
  4 briar patches (Swamp:4)
  9 fungi (Lair:6)
  A lurking horror (Abyss:3)
  2 plants
  2 starspawn tentacles (Abyss:4)
  3 withered plants (Ossuary)
28 creatures vanquished.

Grand Total: 1375 creatures vanquished

Notes
Turn   | Place    | Note
-------+----------+-------------------------------------------
     0 | D:1      | Gorice the Demonspawn Monk began the quest for the Orb.
     0 | D:1      | Reached XP level 1. HP: 18/18 MP: 1/1
   101 | D:1      | Reached skill level 3 in Axes
   263 | D:1      | Gained mutation: You sometimes gain a little power by
                  | taking damage. [demonic ancestry]
   263 | D:1      | Reached XP level 2. HP: 21/24 MP: 2/2
   590 | D:1      | Reached skill level 1 in Armour
   746 | D:2      | Reached XP level 3. HP: 29/29 MP: 3/3
   923 | D:2      | Found a glowing golden altar of the Shining One.
   924 | D:2      | Found a hide-covered altar of Uskayaw.
   924 | D:2      | Found a sacrificial altar of Ru.
   925 | D:2      | Found a radiant altar of Vehumet.
  1062 | D:2      | HP: 8/29 [poisoned by an adder]
  1288 | D:2      | Found a white marble altar of Elyvilon.
  1320 | D:2      | Found a shimmering altar of Xom.
  1320 | D:2      | Found a stormy altar of Qazlal.
  1323 | D:2      | Found a bloodstained altar of Trog.
  1323 | D:2      | Noticed Sigmund
  1447 | D:2      | Reached skill level 4 in Axes
  1516 | D:2      | Gained mutation: A weak demonic guardian rushes to your
                  | aid. [demonic ancestry]
  1516 | D:2      | Reached XP level 4. HP: 32/35 MP: 4/4
  1619 | D:2      | Found a blossoming altar of Fedhas.
  1626 | D:2      | Found an ancient bone altar of Kikubaaqudgha.
  1722 | D:2      | HP: 10/35 [poisoned by an adder]
  1729 | D:2      | HP: 8/35 [poisoned by an adder]
  1736 | D:2      | HP: 7/35 [poisoned by an adder]
  1744 | D:2      | HP: 6/35 [poisoned by an adder]
  2093 | D:2      | Found a shadowy altar of Dithmenos.
  2348 | D:3      | Reached skill level 2 in Armour
  2981 | D:3      | Reached XP level 5. HP: 40/41 MP: 5/5
  3719 | D:4      | Reached skill level 5 in Axes
  4001 | D:4      | Found a sand-covered staircase.
  4011 | Ossuary  | Entered an ossuary
  4076 | Ossuary  | Reached XP level 6. HP: 47/47 MP: 6/6
  4115 | Ossuary  | Reached skill level 3 in Armour
  4183 | Ossuary  | HP: 13/47 [mummy (5)]
  4188 | Ossuary  | HP: 5/47 [mummy (9)]
  4417 | Ossuary  | Reached skill level 6 in Axes
  4637 | Ossuary  | Reached XP level 7. HP: 41/52 MP: 7/7
  5095 | D:4      | Reached skill level 4 in Armour
  5197 | D:4      | Found a runed translucent door.
  5198 | D:4      | Noticed Crazy Yiuf
  5295 | D:4      | Reached skill level 7 in Axes
  5499 | D:4      | Killed Crazy Yiuf
  5728 | D:2      | Became a worshipper of Kikubaaqudgha
  5728 | D:2      | Reached * piety under Kikubaaqudgha
  5728 | D:2      | Identified Kikubaaqudgha's Tome of Black Arts
                  | (Kikubaaqudgha gifted it to you on level 2 of the Dungeon)
  5728 | D:2      | Received a gift from Kikubaaqudgha
  5728 | D:2      | Reached ** piety under Kikubaaqudgha
  5827 | D:5      | Entered Level 5 of the Dungeon
  6065 | D:5      | Reached XP level 8. HP: 47/58 MP: 6/8
  6389 | D:5      | Reached skill level 8 in Axes
  6444 | D:5      | HP: 15/58 [hornet zombie (6)]
  6449 | D:5      | HP: 7/58 [hornet zombie (2)]
  6783 | D:5      | Reached skill level 5 in Armour
  7092 | D:5      | Reached *** piety under Kikubaaqudgha
  7092 | D:5      | Identified Kikubaaqudgha's Collected Works on Dark Magic
                  | (Kikubaaqudgha gifted it to you on level 5 of the Dungeon)
  7092 | D:5      | Received a gift from Kikubaaqudgha
  7214 | D:5      | Found a staircase to the Ecumenical Temple.
  7352 | D:5      | HP: 17/58 [ogre/+0 giant club (11)]
  7357 | D:5      | HP: 14/58 [poisoned by an orc wizard]
  7361 | D:5      | Reached skill level 9 in Axes
  7364 | D:5      | HP: 13/58 [poisoned by an orc wizard]
  7371 | D:5      | HP: 12/58 [poisoned by an orc wizard]
  7379 | D:5      | HP: 12/58 [poisoned by an orc wizard]
  7660 | Temple   | Entered the Ecumenical Temple
  8115 | D:6      | Noticed Menkaure
  8129 | D:6      | HP: 17/58 [??? (13)]
  8130 | D:6      | Killed Menkaure
  8148 | D:6      | Reached skill level 6 in Armour
  8148 | D:6      | Gained mutation: You have sharp toenails. [demonic
                  | ancestry]
  8148 | D:6      | Reached XP level 9. HP: 22/63 MP: 5/9
  8654 | D:6      | Noticed Prince Ribbit
  8661 | D:6      | Killed Prince Ribbit
  9164 | D:7      | Reached skill level 10 in Axes
  9197 | D:7      | Found Vusoemad's Armour Shoppe.
  9301 | D:7      | Found an iron altar of Okawaru.
  9376 | D:7      | Found a deep blue altar of Sif Muna.
  9660 | D:7      | Reached **** piety under Kikubaaqudgha
  9868 | D:8      | Reached skill level 7 in Armour
  9914 | D:8      | Noticed a two-headed ogre
  9963 | D:8      | Killed a two-headed ogre
  9963 | D:8      | Reached skill level 11 in Axes
  9993 | D:8      | Gained mutation: You sometimes gain power by taking damage.
                  | [demonic ancestry]
  9993 | D:8      | Reached XP level 10. HP: 62/70 MP: 8/10
 10065 | D:8      | Found an iron altar of Okawaru.
 10076 | D:8      | Noticed Grum
 10120 | D:8      | Killed Grum
 10751 | D:8      | Got a smoking trident
 10861 | D:8      | Identified the +12 trident of a Billion Stars {flame,
                  | Fragile rF+ Int+7} (You found it on level 8 of the Dungeon)
 10953 | D:7      | Bought a +1 plate armour of fire resistance for 350 gold
                  | pieces
 11004 | D:9      | Reached skill level 8 in Armour
 11301 | D:9      | Found a staircase to the Orcish Mines.
 11549 | D:9      | Reached skill level 12 in Axes
 11629 | D:9      | Found Bushroj Oxod's Magic Scroll Shoppe.
 11799 | Orc:1    | Entered Level 1 of the Orcish Mines
 11824 | Orc:1    | Noticed an orc warlord
 11898 | D:10     | Entered Level 10 of the Dungeon
 11899 | D:10     | Noticed an eight-headed hydra
 11909 | D:9      | Killed an eight-headed hydra
 12173 | D:10     | Noticed a manticore
 12180 | D:10     | Killed a manticore
 12280 | D:10     | Killed an unseen horror
 12280 | D:10     | Reached skill level 9 in Armour
 12280 | D:10     | Reached XP level 11. HP: 47/75 MP: 8/11
 13021 | D:10     | Reached skill level 13 in Axes
 13404 | D:11     | Found a staircase to the Lair.
 13604 | D:11     | Reached ***** piety under Kikubaaqudgha
 13908 | D:11     | HP: 17/75 [electric eel/bolt of electricity (13)]
 15079 | Lair:1   | Entered Level 1 of the Lair of Beasts
 15102 | Lair:1   | Noticed an eight-headed hydra
 15156 | D:11     | Killed an eight-headed hydra
 15385 | Lair:1   | Noticed an oklob plant
 15437 | Lair:1   | Reached skill level 4 in Fighting
 15530 | Lair:1   | Noticed a seven-headed hydra
 15537 | Lair:1   | Killed a seven-headed hydra
 15537 | Lair:1   | Reached skill level 10 in Armour
 15744 | Lair:1   | Reached skill level 5 in Fighting
 16257 | Lair:1   | Noticed an oklob plant
 16404 | Lair:1   | Killed an oklob plant
 16404 | Lair:1   | Gained mutation: You have a somewhat thin skeletal
                  | structure. (Dex +2, Stealth) [demonic ancestry]
 16404 | Lair:1   | Reached XP level 12. HP: 86/86 MP: 12/12
 16423 | Lair:1   | Got a transparent bone ring
 16434 | Lair:1   | Identified the ring of Knowledge {rPois rF+ Int+4 Dex+3}
                  | (You found it on level 1 of the Lair of Beasts)
 16559 | Lair:2   | Reached skill level 14 in Axes
 16579 | Lair:2   | Noticed an eight-headed hydra
 16588 | Lair:2   | Killed an eight-headed hydra
 16632 | Lair:2   | Got a slimy scale mail
 16837 | Lair:2   | Reached skill level 6 in Fighting
 17570 | Lair:2   | Identified the +0 scale mail "Kearr" {+Blink rElec rF-
                  | Dex+9} (You found it on level 2 of the Lair of Beasts)
 17650 | Lair:3   | Reached skill level 11 in Armour
 17696 | Lair:3   | Reached skill level 7 in Fighting
 17769 | Lair:3   | You fall through a shaft for 3 floors!
 17769 | Lair:6   | Entered Level 6 of the Lair of Beasts
 17821 | Lair:5   | Found a staircase to the Slime Pits.
 17853 | Lair:4   | Found a runed translucent door.
 17853 | Lair:4   | Noticed Monsterracer's ghost (journeyman KoAr)
 18561 | Lair:3   | Found a staircase to the Swamp.
 18870 | D:7      | Bought the +4 pair of boots of the Peculiar Demons {rPois
                  | MP+9} for 546 gold pieces
 19265 | Lair:4   | Noticed Sonja
 19283 | Lair:4   | Killed Sonja
 19393 | Lair:4   | Found a staircase to the Snake Pit.
 19493 | Lair:4   | Reached skill level 8 in Fighting
 19943 | Lair:4   | Noticed Rupert
 19966 | Lair:4   | Killed Rupert
 19966 | Lair:4   | Reached XP level 13. HP: 99/99 MP: 13/13
 20166 | Lair:4   | Killed Monsterracer's ghost
 20599 | Lair:5   | Found the +8 whip "Snakebite" {curare, rPois}
 20719 | Lair:5   | Found an ornate altar of the Wu Jian Council.
 20730 | Lair:5   | Reached skill level 15 in Axes
 21172 | Lair:6   | Reached skill level 12 in Armour
 21187 | Lair:6   | Reached skill level 9 in Fighting
 21614 | Lair:6   | Reached ****** piety under Kikubaaqudgha
 21741 | Lair:6   | Found a runed translucent door.
 21741 | Lair:6   | Noticed Razfen's ghost (journeyman GnWn)
 21741 | Lair:6   | Noticed a dire elephant
 22206 | Lair:6   | Reached skill level 10 in Fighting
 22520 | Lair:6   | Gained mutation: You have razor-sharp toenails. [demonic
                  | ancestry]
 22520 | Lair:6   | Reached XP level 14. HP: 68/111 MP: 12/14
 22685 | Lair:6   | Identified Spellcraft, Part One
 23694 | D:9      | Killed an orc warlord
 23858 | Orc:1    | Reached skill level 13 in Armour
 23936 | Orc:2    | Entered Level 2 of the Orcish Mines
 24169 | Orc:1    | Found a roughly hewn altar of Beogh.
 24699 | Orc:2    | Noticed an orc warlord
 24731 | Orc:2    | HP: 32/111 [orc priest/divine providence[an orc warlord]
                  | (9)]
 25065 | D:9      | HP: 33/111 [orc warlord/+0 broad axe (15)]
 25070 | D:9      | Killed an orc warlord
 25070 | D:9      | Reached skill level 11 in Fighting
 25657 | Orc:2    | Found a staircase to the Elven Halls.
 25879 | Orc:2    | Reached skill level 16 in Axes
 26000 | Orc:2    | Reached skill level 1 in Evocations
 26027 | Orc:2    | Noticed an orc warlord
 26040 | Orc:2    | HP: 30/113 [orc warlord/+0 battleaxe (12)]
 26042 | Orc:2    | Killed an orc warlord
 26042 | Orc:2    | Reached skill level 2 in Evocations
 26366 | Orc:2    | Paralysed by an orc sorcerer for 3 turns
 26413 | Orc:2    | Found a roughly hewn altar of Beogh.
 26693 | Orc:2    | Found Ytaph's Book Shop.
 26780 | Orc:2    | Found Rasawaev's Antique Weapon Shop.
 26796 | Orc:2    | Found Ciycar's Antique Armour Shop.
 26811 | Orc:2    | Found Onus Sau's General Store.
 26975 | Orc:2    | Bought a glowing cloak for 187 gold pieces
 27228 | D:12     | Found a frozen archway.
 27257 | D:12     | Reached skill level 3 in Evocations
 27294 | D:12     | Found Kegrosepn's Book Boutique.
 27314 | IceCv    | Entered an ice cave
 27343 | IceCv    | Found a transporter.
 27505 | IceCv    | Found a transporter.
 27565 | IceCv    | Got a smoking dagger
 27567 | IceCv    | Identified the +3 dagger of Arrival {flame, Dex+2} (You
                  | found it in an ice cave)
 27809 | D:12     | Noticed Urug
 27821 | D:12     | Killed Urug
 28150 | D:12     | Reached skill level 4 in Evocations
 28440 | D:12     | Reached skill level 12 in Fighting
 28563 | D:12     | Noticed an iron dragon
 28566 | D:12     | Noticed a tengu reaver
 28592 | D:12     | Killed a tengu reaver
 28592 | D:12     | Reached XP level 15. HP: 101/120 MP: 18/18
 28615 | D:12     | HP: 29/120 [iron dragon (9)]
 28625 | D:12     | Reached skill level 5 in Evocations
 28626 | D:12     | Killed an iron dragon
 28632 | D:12     | HP: 33/120 [centaur warrior zombie (1)]
 28956 | D:12     | Reached skill level 14 in Armour
 28998 | D:12     | Got a wavering emerald amulet
 28999 | D:12     | Identified the amulet "Qatz" {Inacc *Slow Str+3 Dex+4
                  | Stlth+} (You found it on level 12 of the Dungeon)
 29577 | D:13     | Found Ullo's Armour Shop.
 29933 | D:12     | HP: 28/122 [??? (11)]
 30289 | D:13     | Reached skill level 6 in Evocations
 31155 | D:13     | Found a gate to the Vaults.
 31493 | D:14     | Noticed Louise
 31743 | D:14     | Cast into level 3 of the Abyss (Louise)
 32005 | Abyss:3  | Reached skill level 7 in Evocations
 32020 | Abyss:3  | HP: 31/122 [large abomination (9)]
 32030 | Abyss:3  | HP: 41/183 [thrashing horror (1)]
 32032 | Abyss:3  | Reached skill level 13 in Fighting
 32041 | Abyss:3  | HP: 20/123 [thrashing horror (5)]
 32053 | Abyss:3  | HP: 16/123 [flayed ghost (7)]
 32088 | Abyss:3  | HP: 22/123 [large abomination (6)]
 32091 | Abyss:3  | HP: 7/123 [large abomination (15)]
 32128 | Abyss:3  | HP: 17/123 [smoke demon/sticky flame (1)]
 32145 | Abyss:3  | HP: 22/123 [spiny frog (shapeshifter) (7)]
 32150 | Abyss:3  | HP: 15/123 [poisoned by a spiny frog]
 32155 | Abyss:3  | HP: 12/123 [poisoned by a spiny frog]
 32160 | Abyss:3  | HP: 9/123 [poisoned by a spiny frog]
 32165 | Abyss:3  | HP: 8/123 [poisoned by a spiny frog]
 32170 | Abyss:3  | HP: 7/123 [poisoned by a spiny frog]
 32177 | Abyss:3  | HP: 7/123 [poisoned by a spiny frog]
 32185 | Abyss:3  | HP: 8/123 [poisoned by a spiny frog]
 32291 | Abyss:3  | HP: 36/123 [spatial maelstrom (4)]
 32521 | Abyss:4  | Found an ornate altar of the Wu Jian Council.
 32598 | Abyss:4  | Found an ornate altar of the Wu Jian Council.
 32718 | Abyss:4  | Found an ornate altar of the Wu Jian Council.
 32762 | Abyss:4  | Killed a lich
 32787 | Abyss:4  | Found an ornate altar of the Wu Jian Council.
 32916 | Abyss:4  | Found an ornate altar of the Wu Jian Council.
 32932 | Abyss:4  | Noticed a tentacled starspawn
 32950 | Abyss:4  | Killed a tentacled starspawn
 32950 | Abyss:4  | Reached skill level 8 in Evocations
 32953 | D:14     | Escaped the Abyss
 33859 | D:14     | Reached skill level 15 in Armour
 33901 | D:14     | Gained mutation: A demonic guardian rushes to your aid.
                  | [demonic ancestry]
 33901 | D:14     | Reached XP level 16. HP: 108/132 MP: 22/22
 34186 | D:14     | Killed Louise
 34523 | D:15     | Entered Level 15 of the Dungeon
 34545 | D:15     | Reached skill level 14 in Fighting
 34938 | D:15     | Found Haweaclarph's Distillery.
 34944 | D:15     | Bought a potion of curing for 33 gold pieces
 34944 | D:15     | Bought a potion of curing for 33 gold pieces
 34944 | D:15     | Bought a potion of heal wounds for 55 gold pieces
 34944 | D:15     | Bought a potion of curing for 33 gold pieces
 34944 | D:15     | Bought a potion of curing for 33 gold pieces
 34944 | D:15     | --wow heal wounds was unIDed until now!
 35420 | D:15     | Found a staircase to the Depths.
 35549 | D:15     | Upgraded the game from 0.23.0 to 0.23.0-2-g0fe3ce5
 35779 | Swamp:1  | Entered Level 1 of the Swamp
 35791 | Swamp:1  | Noticed a thorn hunter
 35806 | Swamp:1  | Killed a thorn hunter
 36120 | Swamp:1  | Got a crystal war axe
 36124 | Swamp:1  | Identified the +6 war axe "Waik" {antimagic, +Blink +Rage
                  | Str+5} (You found it on level 1 of the Swamp)
 36960 | Swamp:1  | Reached skill level 16 in Armour
 37558 | Swamp:1  | Reached skill level 15 in Fighting
 39835 | Snake:1  | Entered Level 1 of the Snake Pit
 39915 | Snake:1  | Reached skill level 16 in Fighting
 39950 | Snake:1  | Reached skill level 3 in Dodging
 40004 | Snake:1  | HP: 33/138 [naga warrior/+0 battleaxe of venom (11)]
 40523 | Snake:1  | Gained mutation: You have a moderately thin skeletal
                  | structure. (Dex +4, Stealth+) [demonic ancestry]
 40523 | Snake:1  | Reached XP level 17. HP: 138/144 MP: 23/23
 40837 | Lair:4   | Reached skill level 4 in Dodging
 41158 | Snake:1  | Reached skill level 9 in Evocations
 41401 | Snake:2  | HP: 43/144 [poisoned by a guardian serpent (bolt of
                  | poison)]
 41406 | Snake:2  | HP: 33/144 [black mamba (8)]
 41412 | Snake:1  | HP: 43/144 [poisoned by a naga sharpshooter (splash of
                  | poison)]
 41415 | Snake:1  | HP: 20/144 [nagaraja/+0 halberd (3)]
 41423 | Snake:1  | HP: 16/144 [poisoned by a naga sharpshooter (splash of
                  | poison)]
 41999 | Swamp:4  | Entered Level 4 of the Swamp
 42110 | Swamp:4  | Reached skill level 5 in Dodging
 42506 | Swamp:4  | Noticed a tentacled monstrosity
 43143 | Swamp:4  | HP: 43/144 [thorn hunter (2)]
 43148 | Swamp:4  | HP: 31/144 [thorn hunter (1)]
 43559 | Swamp:4  | Killed a tentacled monstrosity
 43587 | Swamp:4  | Reached skill level 6 in Dodging
 43610 | Swamp:4  | Reached skill level 10 in Evocations
 44592 | Swamp:4  | Got a decaying rune of Zot
 45303 | Snake:2  | HP: 41/144 [naga sharpshooter/arrow (8)]
 45305 | Snake:2  | HP: 12/144 [shock serpent/bolt of electricity (10)]
 45311 | Snake:1  | HP: 5/144 [shock serpent/bolt of electricity (11)]
 46234 | Snake:2  | Reached skill level 7 in Dodging
 46588 | Snake:2  | Reached skill level 17 in Axes
 46618 | Snake:2  | Got a scorched longbow
 46619 | Snake:2  | Identified the cursed +1 longbow "Nasi Nycw" {flame, rF+
                  | rC+ Str+3 Int+3} (You found it on level 2 of the Snake Pit)
 47574 | Snake:2  | Reached XP level 18. HP: 146/151 MP: 25/25
 47592 | Snake:2  | Identified the +5 whip "Hydrabane" {pain, +Rage MR+ Int+4}
 48402 | Snake:3  | Noticed Kirke
 48417 | Snake:3  | Killed Kirke
 48724 | Snake:3  | Reached skill level 8 in Dodging
 48969 | Snake:3  | Found Hewuen's Distillery.
 49130 | Snake:4  | Entered Level 4 of the Snake Pit
 50026 | Snake:4  | Reached skill level 18 in Axes
 50050 | Snake:4  | HP: 39/151 [nagaraja/poison arrow (8)]
 50655 | Snake:4  | Reached skill level 9 in Dodging
 52033 | Snake:4  | Got a serpentine rune of Zot
 52433 | Vaults:1 | Entered Level 1 of the Vaults
 53555 | Vaults:1 | Reached skill level 10 in Dodging
 53825 | Vaults:1 | Reached skill level 19 in Axes
 53825 | Vaults:1 | Reached XP level 19. HP: 146/157 MP: 26/26
 55538 | Vaults:2 | HP: 45/157 [vault warden/+3 halberd (7)]
 55543 | Vaults:2 | HP: 5/157 [stone giant/large rock (21)]
 55545 | Vaults:2 | Slain by an orc knight

Skill      XL: |  1  2  3  4  5  6  7  8  9 10 11 12 13 14 15 16 17 18 |
---------------+-------------------------------------------------------+-----
Axes           | 3 4 5 6 7 9 11 12 13 14 15 16 17 19 | 19.6
Armour         | 1 2 3 4 6 7 9 10 11 12 13 15 16 | 16.0
Fighting       | 5 8 10 12 13 16 | 16.0
Evocations     | 4 8 10 | 10.0
Dodging        | 3 7 10 | 10.9
Stealth        | |  1.7

Action                   |  1- 3 |  4- 6 |  7- 9 | 10-12 | 13-15 | 16-18 | 19-21 || total
-------------------------+-------+-------+-------+-------+-------+-------+-------++-------
Melee: Hand axe          |   138 |   342 |   441 |       |       |       |       ||   921
       War axe           |       |       |    51 |    97 |       |    66 |       ||   214
       Kick              |       |       |    49 |   131 |       |       |       ||   180
       Trident           |       |       |       |   546 |  1618 |   777 |       ||  2941
       Battleaxe         |       |       |       |       |       |  1029 |   200 ||  1229
       Whip              |       |       |       |       |       |     3 |       ||     3
Throw: Javelin           |       |     3 |    25 |    25 |     8 |     3 |     2 ||    66
 Abil: Evoke Invisibilit |       |       |       |       |     1 |       |       ||     1
Evoke: Wand              |       |       |    14 |     9 |     6 |     6 |       ||    35
       Lightning rod     |       |       |       |     2 |     8 |     1 |       ||    11
  Use: Scroll            |     7 |     7 |     4 |    10 |    10 |    13 |     1 ||    52
       Potion            |     1 |     2 |       |     1 |     7 |     5 |       ||    16
 Stab: Sleeping          |     6 |     1 |       |       |       |       |       ||     7
       Distracted        |       |       |     4 |     1 |    14 |     6 |     2 ||    27
       Paralysed         |       |       |     3 |     3 |     3 |     3 |       ||    12
       Invisible         |       |       |       |       |     3 |       |       ||     3
       Confused          |       |       |       |       |       |     1 |       ||     1
  Eat: Chunk             |     2 |     9 |    16 |    28 |    38 |    41 |     6 ||   140
       Ration            |       |     1 |       |     1 |     3 |     7 |       ||    12
Armor: Ring mail         |    55 |    29 |       |       |       |       |       ||    84
       Chain mail        |       |   119 |   266 |    52 |       |       |       ||   437
       Skin              |       |    19 |       |       |       |       |       ||    19
       Plate armour      |       |       |       |   255 |   924 |  1144 |   113 ||  2436
Dodge: Dodged            |    80 |   121 |   176 |   164 |   604 |   871 |   122 ||  2138
Block: Buckler           |       |       |       |       |       |    98 |       ||    98

Table legend:
 A = Turns spent in this place as a percentage of turns spent in the entire game.
 B = Non-inter-level travel turns spent in this place as a percentage of non-inter-level travel turns spent in the entire game.
 C = Inter-level travel turns spent in this place as a percentage of turns spent in this place.
 D = Turns resting spent in this place as a percentage of non-inter-level travel turns spent in this place.
 E = Turns spent auto-exploring this place as a percentage of non-inter-level travel turns spent in this place.
 F = Non-inter-level travel turns spent in this place divided by the number of levels of this place that you've seen.
                   A       B       C       D       E      F
               +-------+-------+-------+-------+-------+----------------------
         Total | 100.0 | 100.0 |   7.3 |  38.4 |  32.1 | 1355.4
       Dungeon |  40.0 |  40.5 |   6.3 |  36.8 |  34.0 | 1388.9
        Temple |   0.1 |   0.1 |  31.1 |   0.0 |  96.8 |  31.0
          Lair |  18.0 |  15.7 |  19.1 |  19.4 |  56.6 | 1351.7
         Swamp |  12.4 |  12.8 |   4.4 |  47.9 |  28.5 | 1643.0
     Snake Pit |  14.2 |  14.8 |   3.2 |  43.0 |  22.5 | 1905.0
  Orcish Mines |   5.1 |   5.2 |   5.8 |  39.8 |  23.0 | 1337.0
        Vaults |   5.2 |   5.6 |   0.0 |  44.0 |  20.8 | 1443.0
         Abyss |   2.2 |   2.3 |   0.0 |  62.8 |   0.0 | 605.0
       Ossuary |   1.9 |   2.1 |   0.0 |  62.7 |   2.9 | 1074.0
      Ice Cave |   0.9 |   1.0 |   0.0 |  66.8 |   0.0 | 494.0
               +-------+-------+-------+-------+-------+----------------------

Levels and vault maps discovered:
D:1:      roderic_crop_circles_arrival_small, layout_rooms
D:2:      layout_basic, grunt_temple_overflow_growth_and_decay,
          chequers_temple_overflow_statue_of_worship,
          nicolae_overflow_hidden_temple, uniq_sigmund
D:3:      layout_loops_ring, first_ration
D:4:      layout_gridville, chequers_ossuary_entry_cave, uniq_crazy_yiuf_cottage
D:5:      layout_loops_ring, minmay_temple_entry_nine_rooms, serial_undead,
          serial_undead_c, serial_undead_b, serial_undead_f, serial_undead_a,
          serial_undead_b, serial_undead_e, serial_undead_c, serial_undead_d,
          serial_undead_d, serial_undead_d
D:6:      layout_gridville, uniq_prince_ribbit1, uniq_menkaure
D:7:      layout_cave_pools, tgw_sif, serial_shops, shop, basic_altar
D:8:      layout_basic, okawaru_gym_becter, grunt_pizzeria, uniq_grum
D:9:      layout_loops_ring, orc_0_dummy, serial_shops, shop
D:10:     layout_basic
D:11:     layout_basic, erik_lair_orcish_takeover, serial_bayou,
          serial_bayou_pond_d, serial_bayou_lagoon_a, serial_bayou_lagoon_b,
          serial_bayou_shore_a
D:12:     evilmike_diamond_2, layout_loops_ring, serial_ice, serial_ice_g,
          serial_ice_h, serial_ice_f, serial_ice_b, serial_ice_j, serial_ice_e,
          portal_ice_cave_entry_ice_beasts, serial_shops, shop,
          kennysheep_cross_bottleneck, uniq_urug
D:13:     layout_roguey, grunt_vaults_entry_fortified, serial_shops,
          nicolae_shop_waterfront
D:14:     layout_long_grid, special_room [special_room_mythical_zoo],
          uniq_louise
D:15:     grunt_enter_depths_snipers, layout_gridville, minmay_misc_feat_cross,
          serial_shops, nicolae_shop_trees
Temple:   corrupted_temple
Lair:1:   layout_cave_pods, grunt_megastairs_2, minmay_lair_oklob_chamber
Lair:2:   layout_layer_cave
Lair:3:   layout_small_grid, nicolae_swamp_entry_splash_gauntlet
Lair:4:   layout_layer_cave, minmay_snake_entry_guardpost_medium,
          hellmonk_ghost_happy_afterlife, beast_lair_carwin_4,
          lemuel_fruit_fields, uniq_sonja, uniq_rupert
Lair:5:   minmay_guarded_unrand_snakebite, layout_small_grid, slime_dummy,
          basic_altar, lemuel_fruit_fields
Lair:6:   hangedman_lair_in_review, layout_cave_pods, ebering_ghost_inner_flame
Swamp:1:  layout_basic_swamp, serial_swamp_ruin, evilmike_swamp_ruin_rubble_2,
          evilmike_swamp_ruin_house_3
Swamp:2:  layout_basic_swamp, evilmike_swamp_ruin_house_5,
          infiniplex_staircase_pool
Swamp:3:  layout_falls_marsh, hangedman_swamp_pad, infiniplex_staircase_pool_2
Swamp:4:  swamp, layout_basic_swamp, swamp_pool4
Snake:1:  layout_cave_shapes, guppyfry_snake_island
Snake:2:  layout_honeycomb
Snake:3:  layout_cave_pods, serial_shops, shop_fountains, grunt_ministairs_7,
          lemuel_fruit_tree, uniq_kirke
Snake:4:  snake_pit, layout_cave_town, chequers_hall_statues_y,
          serial_bayou_pond_b, st_stairs_9, grunt_ministairs_4
Orc:1:    layout_diamond_mine, basic_altar
Orc:2:    grunt_orc_cross, layout_diamond_mine
Vaults:1: vaults_mumra_bighexcomb, hangedman_vaults_capsules,
          grunt_vaults_hallway_long, hangedman_vaults_maws,
          ontoclasm_vaults_shuriken, v_misc_24, grunt_vaults_funnel,
          layout_vaults_omnigrid
Vaults:2: v_alt_pattern_5, v_misc_4, vaults_room_semicircle,
          minmay_crypt_entry_necro_gods, vaults_room_fancy_cross,
          vaults_room_door_hall, nicolae_vaults_ninety_degrees,
          vaults_mumra_lcd, v_misc_12, v_misc_4, nicolae_vaults_little_ls,
          sword_in_stone, layout_vaults_big_cross, nicolae_trove_entry_diagonal,
          uniq_saint_roka, uniq_sojobo
Abyss:3
Abyss:4:  evilmike_abyss_exit_plants, hangedman_abyss_overflow_altar,
          hangedman_decor_lopped, nicolae_abyss_rune_star_stuff,
          evilmike_abyss_exit_2
Ossuary:  ossuary_zaba_flooded
IceCv:    ice_cave_statue_garden_transporter
